 Dungeon Crawl Stone Soup version 0.31-a0-662-g684573625c (webtiles) character file.

Game seed: 12784223809358595135

138 ytrimaz the Ruffian (level 5, -1/37 HPs)
             Began as a Demonspawn Shapeshifter on Aug 31, 2023.
             Succumbed to Robin's poison
             ... on level 3 of the Dungeon.
             The game lasted 00:02:29 (2429 turns).

ytrimaz the Ruffian (Demonspawn Shapeshifter)       Turns: 2429, Time: 00:02:30

Health: -1/37      AC:  2    Str: 14 (15) XL:     5   Next: 1%
Magic:  1/5        EV: 17    Int:  9 (11) God:
Gold:   163        SH:  0    Dex: 11 (14) Spells: 4/4 levels left

rFire   . .          .
                       - Unarmed
rCold   . . .        (no shield)
rNeg    . . .        a - +0 animal skin
rPois   .            (helmet currently unavailable)
rElec   .            (cloak currently unavailable)
rCorr   .            (gloves currently unavailable)
SInv    .            (boots currently unavailable)
Will    .....        (no amulet)
Stlth   +            k - +5 ring of evasion
HPRegen 0.26/turn    (no ring)
MPRegen 0.18/turn

%: guardian spirit
@: lethally poisoned (-1 -> -11), beast-form
A: beast (slay +2), magic shield, magic regeneration, demonic magic 2
a: Begin Untransformation


You were on level 3 of the Dungeon.
You were a hulking beast.
You visited 1 branch of the dungeon, and saw 3 of its levels.

You collected 163 gold pieces.


Innate Abilities, Weirdness & Mutations

You are a hulking beast.
Your limbs bulge with bestial killing power. (Slay +2)
When hurt, damage is shared between your health and your magic reserves.
You regenerate magic rapidly.
Spells you cast may paralyse nearby enemies.


   Skills:
 - Level 1.0 Fighting
 + Level 3.1 Dodging
 + Level 3.6 Unarmed Combat
 + Level 3.5 Shapeshifting


You had 4 spell levels left.
You didn't know any spells.
Your spell library contained the following spells:

 Spells                   Type           Power      Damage    Failure   Level
 Hailstorm                Conj/Ice       0%         3d3       77%         3
 Summon Ice Beast         Ice/Summ       0%         N/A       99%         4
 Summon Forest            Summ/Tloc      0%         N/A       100%        5
 Eringya's Noxious Bog    Tmut/Pois      0%         4d6       100%        6
 Simulacrum               Ice/Necr       0%         N/A       100%        6
 Summon Hydra             Summ           0%         N/A       100%        7

Inventory:

Armour
 a - a +0 animal skin (worn)
Jewellery
 k - a +5 ring of evasion (left hand)
   (You found it on level 2 of the Dungeon)
Talismans
 c - a beast talisman (active)
 d - a flux talisman
Scrolls
 e - 3 scrolls of identify {unknown}
 f - a scroll of immolation {unknown}
 g - a scroll of teleportation {unknown}
 h - a scroll of acquirement {unknown}
 j - a scroll of vulnerability {unknown}

Dungeon Overview and Level Annotations

Branches:
Dungeon (3/15) Zot: 15584

Altars:
Cheibriados
Ru
Wu Jian

Annotations:
D:2 1 runed translucent door, Crazy Yiuf
D:3 Robin

#....###.....#
#....###.....#
#.........?..#
#......#+##
#......# ..
#.....g# ..♣.#
######g# ..♣.#
#g# ..♣.#
#h#####.♣.#
#gg)......+
#####.....#
#...P.#
#...P.#
###.P.# #.P.#
#...# #...#


You could see Robin and 4 goblins.


Message History

The goblin attacks as it pursues you!
The goblin hits you with a +0 club. 😮 HP[-3]
You take 3 damage, and now have 21/37 hp.
The goblin attacks as it pursues you! The goblin completely misses you.
You hit the goblin.
You kill the goblin!
Robin roars a battlecry!
The goblin unwields a +0 club.
The goblin wields a +0 sling.
The goblin shoots a sling bullet.
The sling bullet closely misses you.
You hear a shout!
You are too injured to fight recklessly!
The goblin shoots a sling bullet.
The sling bullet closely misses you.
You see here a +0 club.
You are too injured to fight recklessly!
The goblin shoots a sling bullet.
The sling bullet misses you.
Items here: )) †††. 😮 HP[+1] MP[+1]
Your mp is fully restored (5).
You are too injured to fight recklessly!
Unknown command.
Robin throws the goblin at you!
The goblin unwields a +0 sling.
The goblin wields a +0 club.
The goblin hits you with a +0 club.
* * * LOW HITPOINT WARNING * * *
You see here a +0 club. 😨 HP[-5] MP[-1]
You take 5 damage, and now have 17/37 hp.
You lost 1 mp, and now have 4/5 mp.
Unknown command.
You hit the goblin. The goblin misses you.
You closely miss the goblin. The goblin hits you with a +0 club.
* * * LOW HITPOINT WARNING * * *
😨 HP[-4] MP[-1]
You take 4 damage, and now have 13/37 hp.
You lost 1 mp, and now have 3/5 mp.
Unknown command.
It was a potion of curing.
You feel better.
The goblin no longer looks unusually strong.
The goblin hits you with a +0 club.
* * * LOW HITPOINT WARNING * * *
Robin misses you. 😨 HP[+5] MP[-1]
You regained 5 hp, and now have 18/37 hp.
You lost 1 mp, and now have 2/5 mp.
A goblin comes into view. It is wielding a +0 club.
The goblin hits you but does no damage.
Robin hits you with a +2 spear of venom.
* * * LOW HITPOINT WARNING * * *
You are poisoned.
You see here a +0 club. 😨 HP[-1]
You take 1 damage, and now have 17/37 hp.
It was a potion of degeneration.
There was something very wrong with that liquid.
You feel weakened.
You feel dopey.
You feel clumsy.
You feel sick.
The goblin shouts!
The goblin no longer looks unusually strong.
The goblin hits you but does no damage.
Robin's horned helmet rattles.
Robin throws the goblin at you!
* * * LOW HITPOINT WARNING * * *
😨 HP[-2] MP[+1]
You take 2 damage, and now have 15/37 hp.
Unknown command.
You feel better. The goblin barely misses you.
The goblin completely misses you.
Robin roars a battlecry!
The goblins go into a battle-frenzy! 😮 HP[+10]
You regained 10 hp, and now have 25/37 hp.
Unknown command.
You punch Robin! The goblin closely misses you.
The goblin hits you with a +0 club. 😮 HP[-5]
You take 5 damage, and now have 20/37 hp.
You barely miss Robin. The goblin hits you with a +0 club.
* * * LOW HITPOINT WARNING * * *
The goblin hits you with a +0 club.
* * * LOW HITPOINT WARNING * * *
😨 HP[-6]
You take 6 damage, and now have 14/37 hp.
Unknown command.
You hit Robin. The goblin barely misses you.
The goblin hits you with a +0 club.
* * * LOW HITPOINT WARNING * * *
😨 HP[-4] MP[-1]
You take 4 damage, and now have 10/37 hp.
You lost 1 mp, and now have 2/5 mp.
You hit Robin. The goblin hits you with a +0 club.
* * * LOW HITPOINT WARNING * * *
The goblin hits you but does no damage.
Robin hits you with a +2 spear of venom.
* * * LOW HITPOINT WARNING * * *
You are lethally poisoned! 😱 HP[-8] MP[-2]
You take 8 damage, and now have 2/37 hp.
MASSIVE DAMAGE!! (PAUSE)
You lost 2 mp, and now have 0/5 mp.
You barely miss Robin.
You die...

Skill      XL: |  1  2  3  4 |
---------------+-------------+-----
Dodging        | 2 3 |  3.1
Unarmed Combat | 3 |  3.6
Shapeshifting  | 3 |  3.5
Fighting       | |  1.0

Action                     |  1- 3 |  4- 6 || total
---------------------------+-------+-------++-------
  Melee: Unarmed           |   146 |    80 ||   226
         Punch             |     1 |     1 ||     2
    Use: Potion            |     2 |     3 ||     5
   Stab: Sleeping          |       |     1 ||     1
 Armour: Animal skin       |    64 |    38 ||   102
         Skin              |     3 |       ||     3
  Dodge: Dodged            |    80 |    53 ||   133

Levels and vault maps discovered:
D:1:      ncdulo_halloftheorcs, layout_basic, nicolae_twisty_statue_hallways
D:2:      layout_loops_cross, uniq_natasha, uniq_crazy_yiuf_cottage
D:3:      layout_basic, nicolae_overflow_ecumenical_swirl,
          mainiacjoe_overflow_boulevard, amethyst_overflow_temple_binary,
          amcnicky_mini_corridor_feature, uniq_grinder, uniq_robin

Notes
Turn   | Place    | Note
-------+----------+-------------------------------------------
     0 | D:1      | ytrimaz the Demonspawn Shapeshifter began the quest for the
                  | Orb.
     0 | D:1      | Reached XP level 1. HP: 15/15 MP: 1/1
     0 | D:1      | magus.rc [v1.9.6]
    20 | D:1      | You add the spells Summon Forest, Eringya's Noxious Bog and
                  | Summon Hydra to your library.
    49 | D:1      | HP: 2/15 [ball python (2)]
   209 | D:1      | Reached skill level 2 in Dodging
   241 | D:1      | Gained mutation: You regenerate magic rapidly. [demonic
                  | ancestry]
   241 | D:1      | Reached XP level 2. HP: 20/21 MP: 2/2
   343 | D:1      | You pick up a book of the Tundra and begin reading...
   343 | D:1      | You add the spells Hailstorm, Summon Ice Beast and
                  | Simulacrum to your library.
   445 | D:1      | Reached skill level 3 in Unarmed Combat
   497 | D:1      | Reached skill level 3 in Shapeshifting
   802 | D:2      | Gained mutation: Spells you cast may paralyse adjacent
                  | enemies. [demonic ancestry]
   802 | D:2      | Reached XP level 3. HP: 26/26 MP: 3/3
  1119 | D:2      | HP: 1/26 [worm (9)]
  1644 | D:2      | Noticed Natasha
  1652 | D:2      | Killed Natasha
  1653 | D:2      | Gained mutation: Spells you cast may paralyse nearby
                  | enemies. [demonic ancestry]
  1653 | D:2      | Reached XP level 4. HP: 17/32 MP: 4/4
  1828 | D:2      | Found a runed translucent door.
  1829 | D:2      | Noticed Crazy Yiuf
  1875 | D:3      | Noticed Robin
  2058 | D:3      | Found a sacrificial altar of Ru.
  2058 | D:3      | Found a snail-covered altar of Cheibriados.
  2143 | D:3      | Reached skill level 3 in Dodging
  2353 | D:3      | Found an ornate altar of the Wu Jian Council.
  2405 | D:3      | Gained mutation: When hurt, damage is shared between your
                  | health and your magic reserves. [demonic ancestry]
  2405 | D:3      | Reached XP level 5. HP: 23/37 MP: 5/5
  2428 | D:3      | HP: 6/37 [goblin/+0 club[Robin] (5)]
  2428 | D:3      | HP: 2/37 [Robin/+2 spear of venom (4)]
  2429 | D:3      | Succumbed to Robin's poison

Vanquished Creatures
  Natasha (D:2)
  4 adders
  3 worms
  An orc (D:3)
  8 ball pythons
  2 bats
  7 endoplasms
  3 giant cockroaches
  5 goblins
  8 hobgoblins
  3 jackals (D:3)
  3 kobolds
  4 quokkas
  5 frilled lizards
  3 rats
60 creatures vanquished.

Table legend:
 A = Non-vault XP
 B = Vault XP
 C = Vault XP percentage of total XP
 D = Non-vault monster count
 E = Vault monster count
 F = Vault count percentage of total count
                 A         B        C        D         E       F
            +---------+---------+-------+---------+---------+-------
      Total |     149 |      49 |  24.7 |      53 |       7 |  11.7
            +---------+---------+-------+---------+---------+-------
        D:1 |      32 |       0 |   0.0 |      19 |       0 |   0.0
        D:2 |      59 |      37 |  38.5 |      24 |       1 |   4.0
        D:3 |      58 |      12 |  17.1 |      10 |       6 |  37.5
            +---------+---------+-------+---------+---------+-------

Skill      XL: |  1  2  3  4 |
---------------+-------------+-----
Dodging        | 2 3 |  3.1
Unarmed Combat | 3 |  3.6
Shapeshifting  | 3 |  3.5
Fighting       | |  1.0

Action                     |  1- 3 |  4- 6 || total
---------------------------+-------+-------++-------
  Melee: Unarmed           |   146 |    80 ||   226
         Punch             |     1 |     1 ||     2
    Use: Potion            |     2 |     3 ||     5
   Stab: Sleeping          |       |     1 ||     1
 Armour: Animal skin       |    64 |    38 ||   102
         Skin              |     3 |       ||     3
  Dodge: Dodged            |    80 |    53 ||   133

Illustrated notes

Table legend:
 A = Kills in this place as a percentage of kills in the entire game.
 B = Kills by you in this place as a percentage of kills by you in the entire game.
 C = Kills by friends in this place as a percentage of kills by friends in the entire game.
 D = Other kills in this place as a percentage of other kills in the entire game.
 E = Experience gained in this place as a percentage of experience gained in the entire game.
 F = Experience gained in this place divided by the number of levels of this place that you have seen.
                   A       B       C       D       E      F
               +-------+-------+-------+-------+-------+----------------------
         Total | 100.0 | 100.0 |   N/A |   N/A | 100.0 |  66.0
       Dungeon | 100.0 | 100.0 |   N/A |   N/A | 100.0 |  66.0
               +-------+-------+-------+-------+-------+----------------------

Table legend: (Time is in decaauts)
 A = Elapsed time spent in this place.
 B = Non-inter-level travel time spent in this place.
 C = Inter-level travel time spent in this place.
 D = Time resting spent in this place.
 E = Time spent auto-exploring this place.
 F = Levels seen in this place.
 G = Mean time per level.
                   A        B        C        D        E       F      G
               +--------+--------+--------+--------+--------+-----+--------+
         Total |   2416 |   2287 |    129 |      0 |   1792 |   3 |  805.3 |
       Dungeon |   2416 |   2287 |    129 |      0 |   1792 |   3 |  805.3 |
               +--------+--------+--------+--------+--------+-----+--------+

Top non-repeatable levels by time:
     D:2: 1197 daAuts
     D:1: 785 daAuts
     D:3: 432 daAuts
